| TOP OF THE 1ST |
|
Albuquerque Dukes batting - Pitching for El Paso Sun Kings : LHP Calvin Riggar
|
|
Pitching: LHP Calvin Riggar
|
|
|
Batting: RHB Kevin Harvey
|
0-0: Ball 1-0: Ball 2-0: Ball 3-0: Called Strike 3-1: Ground out 5-3 (Groundball, 5S, EV 83.8 MPH)
|
|
Batting: RHB Steven Patterson
|
0-0: Ball 1-0: Called Strike 1-1: Called Strike 1-2: Ball 2-2: Foul Ball, location: 2F 2-2: Ball 3-2: Ground out 6-3 (Groundball, 6M, EV 90.6 MPH)
|
|
Batting: LHB Dave Yobs
|
0-0: Ground out 4-3 (Groundball, 4, EV 80.0 MPH)
|
| Top of the 1st over - 0 runs, 0 hits, 0 errors, 0 left on base; Albuquerque 0 - El Paso 0 |
| BOTTOM OF THE 1ST |
|
El Paso Sun Kings batting - Pitching for Albuquerque Dukes : RHP Ronald Luongo
|
|
Pitching: RHP Ronald Luongo
|
|
|
Batting: LHB Stanley Hendrickson
|
0-0: Ball 1-0: Ball 2-0: Called Strike 2-1: Foul Ball, location: 2F 2-2: Strikes out swinging
|
|
Batting: RHB Chuckie Canady
|
0-0: Ball 1-0: Swinging Strike 1-1: Ball 2-1: Ball 3-1: Base on Balls
|
|
Batting: LHB Kevin Knuth
|
0-0: Ball Chuckie Canady is caught stealing 2nd base 2-6 1-0: Foul Ball, location: 2F 1-1: Foul Ball, location: 2F 1-2: Ball 2-2: Ball 3-2: Fly out, F8 (Flyball, 89D, EV 96.3 MPH)
|
| Bottom of the 1st over - 0 runs, 0 hits, 0 errors, 0 left on base; Albuquerque 0 - El Paso 0 |
| TOP OF THE 2ND |
|
Albuquerque Dukes batting - Pitching for El Paso Sun Kings : LHP Calvin Riggar
|
|
Batting: RHB James Oros
|
0-0: Called Strike 0-1: Ball 1-1: Ball 2-1: Foul Ball, location: 2F 2-2: Ground out 1-3 (Groundball, 15S, EV 66.3 MPH)
|
|
Batting: RHB Mark Maher
|
0-0: Ball 1-0: Foul Ball, location: 2F 1-1: Called Strike 1-2: Strikes out swinging
|
|
Batting: LHB Andres Romero
|
0-0: Called Strike 0-1: Foul Ball, location: 2F 0-2: Ball 1-2: Foul Ball, location: 2F 1-2: Foul Ball, location: 2F 1-2: Ball 2-2: Fly out, F9 (Line Drive, 9, EV 103.1 MPH)
|
| Top of the 2nd over - 0 runs, 0 hits, 0 errors, 0 left on base; Albuquerque 0 - El Paso 0 |
| BOTTOM OF THE 2ND |
|
El Paso Sun Kings batting - Pitching for Albuquerque Dukes : RHP Ronald Luongo
|
|
Batting: RHB Jon Hansen
|
0-0: SOLO HOME RUN (Flyball, 8RXD, EV 98.8 MPH), Distance : 420 ft
|
|
Batting: SHB Danny Torres
|
0-0: Called Strike 0-1: Ball 1-1: Ball 2-1: Foul Ball, location: 2F 2-2: Ball 3-2: Foul Ball, location: 2F 3-2: SINGLE (Line Drive, 3D, EV 96.3 MPH)
|
|
Batting: SHB Keith Thrower
|
0-0: Foul Ball, location: 2F 0-1: Ball 1-1: Called Strike 1-2: Fielders Choice at 2nd, 2-6 (Groundball, 2R, EV 67.5 MPH)
|
|
Batting: SHB Wayne Stone
|
0-0: Called Strike 0-1: Grounds into double play, 4-6-3 (Groundball, 4, EV 80.0 MPH)
|
| Bottom of the 2nd over - 1 run, 2 hits, 0 errors, 0 left on base; Albuquerque 0 - El Paso 1 |
| TOP OF THE 3RD |
|
Albuquerque Dukes batting - Pitching for El Paso Sun Kings : LHP Calvin Riggar
|
|
Batting: LHB Sal Rende
|
0-0: Ball 1-0: DOUBLE (Groundball, 3L, EV 93.8 MPH)
|
|
Batting: LHB John Elder
|
0-0: Called Strike 0-1: Ball Passed Ball! Sal Rende to third 1-1: Ball Wild Pitch! Sal Rende scores 2-1: Called Strike 2-2: Ball 3-2: Strikes out swinging
|
|
Batting: LHB Rodney Kemp
|
0-0: Called Strike 0-1: Ball 1-1: Ground out 4-3 (Groundball, 4, EV 84.4 MPH)
|
|
Batting: RHB Kevin Harvey
|
0-0: Ball 1-0: Called Strike 1-1: Ball 2-1: Ball 3-1: Base on Balls
|
|
Batting: RHB Steven Patterson
|
0-0: Ball 1-0: Swinging Strike 1-1: Ball 2-1: Foul Ball, location: 2F 2-2: Ball 3-2: Ground out 5-3 (Groundball, 5S, EV 92.5 MPH)
|
| Top of the 3rd over - 1 run, 1 hit, 0 errors, 1 left on base; Albuquerque 1 - El Paso 1 |
| BOTTOM OF THE 3RD |
|
El Paso Sun Kings batting - Pitching for Albuquerque Dukes : RHP Ronald Luongo
|
|
Batting: RHB Cecil Strawn
|
0-0: Foul Ball, location: 2F 0-1: Ball 1-1: Foul Ball, location: 2F 1-2: Ball 2-2: SINGLE (Groundball, 6D, EV 100.6 MPH)
|
|
Batting: RHB Carlos Rios
|
0-0: Ball 1-0: SINGLE (Groundball, 25, EV 66.3 MPH) (infield hit) Cecil Strawn to second
|
|
Batting: LHB Stanley Hendrickson
|
0-0: Ball 1-0: Ball 2-0: Ball 3-0: Called Strike 3-1: Base on Balls Cecil Strawn to third Carlos Rios to second
|
|
Batting: RHB Chuckie Canady
|
0-0: Ball 1-0: Called Strike 1-1: Swinging Strike 1-2: Grounds into double play, 6-4-3 (Groundball, 56, EV 90.6 MPH) Cecil Strawn scores Carlos Rios to third
|
|
Batting: LHB Kevin Knuth
|
0-0: Ball 1-0: Ball 2-0: Ball 3-0: Called Strike 3-1: Base on Balls
|
|
Batting: RHB Jon Hansen
|
0-0: Fielders Choice at 2nd, 6-4 (Groundball, 6, EV 86.9 MPH)
|
| Bottom of the 3rd over - 1 run, 2 hits, 0 errors, 2 left on base; Albuquerque 1 - El Paso 2 |
| TOP OF THE 4TH |
|
Albuquerque Dukes batting - Pitching for El Paso Sun Kings : LHP Calvin Riggar
|
|
Batting: LHB Dave Yobs
|
0-0: Foul Ball, location: 2F 0-1: Foul Ball, location: 2F 0-2: Ball 1-2: Fly out, F9 (Line Drive, 9D, EV 96.9 MPH)
|
|
Batting: RHB James Oros
|
0-0: Ball 1-0: Ball 2-0: Called Strike 2-1: Foul Ball, location: 2F 2-2: Ball 3-2: Fly out, F7 (Flyball, 7, EV 79.4 MPH)
|
|
Batting: RHB Mark Maher
|
0-0: Ball 1-0: Called Strike 1-1: Ball 2-1: Fly out, F7 (Flyball, 7, EV 74.4 MPH)
|
| Top of the 4th over - 0 runs, 0 hits, 0 errors, 0 left on base; Albuquerque 1 - El Paso 2 |
| BOTTOM OF THE 4TH |
|
El Paso Sun Kings batting - Pitching for Albuquerque Dukes : RHP Ronald Luongo
|
|
Batting: SHB Danny Torres
|
0-0: Ball 1-0: SOLO HOME RUN (Line Drive, 89XD, EV 104.4 MPH), Distance : 392 ft
|
|
Batting: SHB Keith Thrower
|
0-0: Ball 1-0: Called Strike 1-1: Ball 2-1: Fly out, F7 (Flyball, 7S, EV 87.5 MPH)
|
|
Batting: SHB Wayne Stone
|
0-0: Ball 1-0: Called Strike 1-1: Fly out, F9 (Line Drive, 9, EV 97.5 MPH)
|
|
Batting: RHB Cecil Strawn
|
0-0: Called Strike 0-1: Foul Ball, location: 2F 0-2: Strikes out swinging
|
| Bottom of the 4th over - 1 run, 1 hit, 0 errors, 0 left on base; Albuquerque 1 - El Paso 3 |
| TOP OF THE 5TH |
|
Albuquerque Dukes batting - Pitching for El Paso Sun Kings : LHP Calvin Riggar
|
|
Batting: LHB Andres Romero
|
0-0: Called Strike 0-1: Ball 1-1: Ball 2-1: Ball 3-1: Base on Balls
|
|
Batting: LHB Sal Rende
|
0-0: Ball 1-0: Ball 2-0: Fielders Choice at 2nd, 4-6 (Groundball, 4, EV 105.6 MPH)
|
|
Batting: LHB John Elder
|
0-0: Called Strike 0-1: Ball 1-1: Ball 2-1: Ball 3-1: Called Strike 3-2: Foul Ball, location: 2F 3-2: Base on Balls Sal Rende to second
|
|
Batting: LHB Rodney Kemp
|
0-0: Ball 1-0: Ball Passed Ball! Sal Rende to third John Elder to second 2-0: Foul Ball, location: 2F 2-1: Foul Ball, location: 2F 2-2: Ball 3-2: Ground out 6-3 (Groundball, 4M, EV 99.4 MPH) Sal Rende scores John Elder to third
|
|
Batting: RHB Kevin Harvey
|
0-0: Called Strike 0-1: Fly out, F7 (Line Drive, 7, EV 100.0 MPH)
|
| Top of the 5th over - 1 run, 0 hits, 0 errors, 1 left on base; Albuquerque 2 - El Paso 3 |
| BOTTOM OF THE 5TH |
|
El Paso Sun Kings batting - Pitching for Albuquerque Dukes : RHP Ronald Luongo
|
|
Batting: RHB Carlos Rios
|
0-0: Called Strike 0-1: Ground out 6-3 (Groundball, 6, EV 85.0 MPH)
|
|
Batting: LHB Stanley Hendrickson
|
0-0: Ball 1-0: Ball 2-0: Called Strike 2-1: Swinging Strike 2-2: Strikes out swinging
|
|
Batting: RHB Chuckie Canady
|
0-0: Called Strike 0-1: Foul Ball, location: 2F 0-2: Foul Ball, location: 2F 0-2: Foul Ball, location: 2F 0-2: Ground out 4-3 (Groundball, 4, EV 105.6 MPH)
|
| Bottom of the 5th over - 0 runs, 0 hits, 0 errors, 0 left on base; Albuquerque 2 - El Paso 3 |
| TOP OF THE 6TH |
|
Albuquerque Dukes batting - Pitching for El Paso Sun Kings : LHP Calvin Riggar
|
|
Batting: RHB Steven Patterson
|
0-0: Called Strike 0-1: Ball 1-1: Ball 2-1: Foul Ball, location: 2F 2-2: Ball 3-2: Foul Ball, location: 2F 3-2: Foul Ball, location: 2F 3-2: Base on Balls
|
|
Batting: LHB Dave Yobs
|
0-0: Ground out 6-3 (Groundball, 6S, EV 65.0 MPH) Steven Patterson to second
|
|
Batting: RHB James Oros
|
0-0: Foul Ball, location: 2F 0-1: Foul Ball, location: 2F 0-2: Foul Ball, location: 2F 0-2: Ball 1-2: Strikes out looking
|
|
Batting: RHB Mark Maher
|
0-0: Swinging Strike 0-1: Called Strike 0-2: Ball 1-2: Foul Ball, location: 2F 1-2: Foul Ball, location: 2F 1-2: Ball 2-2: Fly out, F9 (Flyball, 89M, EV 75.0 MPH)
|
| Top of the 6th over - 0 runs, 0 hits, 0 errors, 1 left on base; Albuquerque 2 - El Paso 3 |
| BOTTOM OF THE 6TH |
|
El Paso Sun Kings batting - Pitching for Albuquerque Dukes : RHP Ronald Luongo
|
|
Batting: LHB Kevin Knuth
|
0-0: Called Strike 0-1: Ground out 5-3 (Groundball, 56, EV 81.9 MPH)
|
|
Batting: RHB Jon Hansen
|
0-0: Called Strike 0-1: Swinging Strike 0-2: Ball 1-2: Strikes out swinging
|
|
Batting: SHB Danny Torres
|
0-0: Called Strike 0-1: Ball 1-1: Ball 2-1: Ball 3-1: Base on Balls
|
|
Batting: SHB Keith Thrower
|
0-0: Called Strike 0-1: Called Strike 0-2: Strikes out swinging
|
| Bottom of the 6th over - 0 runs, 0 hits, 0 errors, 1 left on base; Albuquerque 2 - El Paso 3 |
| TOP OF THE 7TH |
|
Albuquerque Dukes batting - Pitching for El Paso Sun Kings : LHP Calvin Riggar
|
|
Batting: LHB Andres Romero
|
0-0: Called Strike 0-1: Ball 1-1: Called Strike 1-2: Ball 2-2: Ball 3-2: Ground out 4-3 (Groundball, 4, EV 87.5 MPH)
|
|
Batting: LHB Sal Rende
|
0-0: Called Strike 0-1: Ball 1-1: Foul Ball, location: 2F 1-2: Ball 2-2: Ball 3-2: Strikes out swinging
|
|
Batting: LHB John Elder
|
0-0: Called Strike 0-1: Ball 1-1: Ground out U3 (Groundball, 3, EV 101.9 MPH)
|
| Top of the 7th over - 0 runs, 0 hits, 0 errors, 0 left on base; Albuquerque 2 - El Paso 3 |
| BOTTOM OF THE 7TH |
|
El Paso Sun Kings batting - Pitching for Albuquerque Dukes : RHP Ronald Luongo
|
|
Batting: SHB Wayne Stone
|
0-0: Ball 1-0: Fly out, F7 (Line Drive, 7, EV 93.1 MPH)
|
|
Batting: RHB Cecil Strawn
|
0-0: Ball 1-0: SINGLE (Line Drive, 9LS, EV 106.3 MPH)
|
|
Batting: RHB Carlos Rios
|
0-0: Called Strike 0-1: Ball 1-1: Swinging Strike 1-2: Foul Ball, location: 2F 1-2: Foul Ball, location: 2F 1-2: Ball 2-2: Ball 3-2: Base on Balls Cecil Strawn to second
|
|
Batting: LHB Stanley Hendrickson
|
0-0: Swinging Strike 0-1: Ball 1-1: Fly out, F8 (Flyball, 8RM, EV 90.6 MPH)
|
|
Batting: RHB Chuckie Canady
|
0-0: Foul Ball, location: 2F 0-1: Swinging Strike 0-2: Hit by Pitch Cecil Strawn to third Carlos Rios to second
|
|
Batting: LHB Kevin Knuth
|
0-0: Swinging Strike 0-1: Fielders Choice at 2nd, 5-4 (Groundball, 5, EV 86.3 MPH)
|
| Bottom of the 7th over - 0 runs, 1 hit, 0 errors, 3 left on base; Albuquerque 2 - El Paso 3 |
| TOP OF THE 8TH |
|
Albuquerque Dukes batting - Pitching for El Paso Sun Kings : LHP Calvin Riggar
|
|
Batting: LHB Rodney Kemp
|
0-0: Ball 1-0: Ball 2-0: Foul Ball, location: 2F 2-1: Ball 3-1: Called Strike 3-2: Fly out, F7 (Flyball, 78S, EV 95.0 MPH)
|
|
Batting: RHB Kevin Harvey
|
0-0: Called Strike 0-1: Swinging Strike 0-2: SINGLE (Line Drive, 89D, EV 97.5 MPH)
|
|
Batting: RHB Steven Patterson
|
0-0: Ball 1-0: Grounds into double play, 4-6-3 (Groundball, 4, EV 88.1 MPH)
|
| Top of the 8th over - 0 runs, 1 hit, 0 errors, 0 left on base; Albuquerque 2 - El Paso 3 |
| BOTTOM OF THE 8TH |
|
El Paso Sun Kings batting - Pitching for Albuquerque Dukes : RHP Ronald Luongo
|
|
Batting: RHB Jon Hansen
|
0-0: Called Strike 0-1: Swinging Strike 0-2: Ball 1-2: Strikes out looking
|
|
Batting: SHB Danny Torres
|
0-0: Ground out U3 (Groundball, 34, EV 85.0 MPH)
|
|
Batting: SHB Keith Thrower
|
0-0: Ball 1-0: Ground out 1-3 (Groundball, 13S, EV 61.9 MPH)
|
| Bottom of the 8th over - 0 runs, 0 hits, 0 errors, 0 left on base; Albuquerque 2 - El Paso 3 |
| TOP OF THE 9TH |
|
Albuquerque Dukes batting - Pitching for El Paso Sun Kings : LHP Calvin Riggar
|
|
Pitching: RHP Dave Shipanoff
|
|
|
Now at 1B: Gary Bishop
|
|
|
Batting: LHB Dave Yobs
|
0-0: Called Strike 0-1: Called Strike 0-2: Ball 1-2: Ball 2-2: Ball 3-2: Foul Ball, location: 2F 3-2: Foul Ball, location: 2F 3-2: Base on Balls
|
|
Pinch Hitting: LHB Matthew Henderson
|
0-0: Swinging Strike 0-1: Ball 1-1: Ball 2-1: Foul Ball, location: 2F 2-2: Strikes out looking
|
|
Batting: RHB Mark Maher
|
0-0: Ball 1-0: Called Strike 1-1: Ball 2-1: Foul Ball, location: 2F 2-2: Foul Ball, location: 2F 2-2: Foul Ball, location: 2F 2-2: Foul Ball, location: 2F 2-2: Foul Ball, location: 2F 2-2: Ball 3-2: Foul Ball, location: 2F 3-2: Base on Balls Dave Yobs to second
|
|
Batting: LHB Andres Romero
|
0-0: Called Strike 0-1: Swinging Strike 0-2: 3-RUN HOME RUN (Flyball, 9D, EV 93.8 MPH), Distance : 369 ft
|
|
Batting: LHB Sal Rende
|
0-0: Fly out, F8 (Flyball, 8RXD, EV 107.5 MPH)
|
|
Batting: LHB John Elder
|
0-0: Foul Ball, location: 2F 0-1: Called Strike 0-2: Ground out U3 (Groundball, 3S, EV 76.3 MPH)
|
| Top of the 9th over - 3 runs, 1 hit, 0 errors, 0 left on base; Albuquerque 5 - El Paso 3 |
| BOTTOM OF THE 9TH |
|
El Paso Sun Kings batting - Pitching for Albuquerque Dukes : RHP Ronald Luongo
|
|
Pitching: RHP James Quinn
|
|
|
Now at SS: Jim Smith
|
|
|
Batting: SHB Wayne Stone
|
0-0: Ball 1-0: Foul Ball, location: 2F 1-1: Called Strike 1-2: Ball 2-2: Strikes out swinging
|
|
Batting: RHB Cecil Strawn
|
0-0: Fly out, F8 (Flyball, 8RS, EV 84.4 MPH)
|
|
Batting: RHB Carlos Rios
|
0-0: SINGLE (Groundball, 6D, EV 109.4 MPH)
|
|
Batting: LHB Stanley Hendrickson
|
0-0: Ball 1-0: Called Strike 1-1: Ball 2-1: Foul Ball, location: 2F 2-2: Foul Ball, location: 2F 2-2: Fly out, F7 (Flyball, 78S, EV 93.1 MPH)
|
| Bottom of the 9th over - 0 runs, 1 hit, 0 errors, 1 left on base; Albuquerque 5 - El Paso 3 |
|